 Dungeon Crawl Stone Soup version 0.28.0-53-g5a82cb258f (webtiles) character file.

Game seed: 15598350511684357005

58 Descartes the Stinger (level 4, 0/30 HPs)
             Began as a Formicid Wanderer on July 11, 2022.
             Succumbed to an adder's poison
             ... on level 2 of the Dungeon.
             The game lasted 00:03:50 (1296 turns).

Descartes the Stinger (Formicid Wanderer)           Turns: 1296, Time: 00:03:51

Health: 0/30       AC:  5    Str: 17    XL:     4   Next: 20%
Magic:  5/6        EV: 10    Int: 13    God:
Gold:   44         SH:  0    Dex: 10    Spells: 4/5 levels left

rFire   . . .      SeeInvis +   a - +0 falchion
rCold   . . .      Faith    .   (no shield)
rNeg    . . .      Spirit   .   b - +0 ring mail
rPois   .          Reflect  .   (helmet unavailable)
rElec   .          Harm     .   (no cloak)
rCorr   .          Rampage  .   (no gloves)
Will    .....                   (no boots)
Stlth   ..........              (no amulet)
HPRegen 0.10/turn               (no ring)
MPRegen 0.10/turn               (no ring)

@: lethally poisoned (0 -> -16)
A: permanent stasis, dig shafts and tunnels, antennae 3, four strong arms
a: Dig, Shaft Self


You were on level 2 of the Dungeon.
You visited 1 branch of the dungeon, and saw 2 of its levels.

You collected 44 gold pieces.

Inventory:

Hand Weapons
 a - a +0 falchion (weapon)
Missiles
 c - 5 boomerangs of dispersal
 g - 20 stones
Armour
 b - a +0 ring mail (worn)
Scrolls
 d - a scroll of identify {unknown}
 e - a scroll of teleportation {unknown}
 f - a scroll of enchant armour {unknown}
 h - a scroll of torment {unknown}
 i - a scroll of holy word {unknown}
 j - a scroll of fear {unknown}
Potions
 k - a potion of flight {unknown}


   Skills:
 + Level 1.4 Long Blades
 + Level 3.5 Armour
 + Level 1.2 Shields
 + Level 1.3 Spellcasting
 + Level 6.9 Poison Magic
 - Level 1.1 Invocations


You had 4 spell levels left.
You knew the following spells:

 Your Spells              Type           Power      Damage    Failure   Level
a - Sting                 Tmut/Pois      36%        1d4       12%         1

Your spell library contained the following spells:

 Spells                   Type           Power      Damage    Failure   Level
 Olgreb's Toxic Radiance  Pois           19%        N/A       28%         4
 Spider Form              Tmut/Pois      9%         N/A       34%         3


Dungeon Overview and Level Annotations

Branches:
Dungeon (2/15)

Altars:


Innate Abilities, Weirdness & Mutations

You cannot be hasted, slowed, berserked, paralysed or teleported.
You can dig through walls and to a lower floor.
You have a pair of large antennae on your head. (SInv)
Your four strong arms can wield two-handed weapons with a shield.


Message History

The adder is almost dead.
The adder bites you but does no damage.
You miss the adder.
The adder is almost dead.
The adder barely misses you. The adder closely misses you.
You closely miss the adder.
The adder is almost dead.
The adder barely misses you.
You closely miss the adder.
The adder is almost dead.
The adder barely misses you. x2
You closely miss the adder.
The adder is almost dead.
The adder closely misses you. x2
You hit the adder.
You kill the adder!
The adder bites you.
You are poisoned.
The adder poisons you!
You closely miss the adder.
You feel very sick. The adder bites you.
You are more poisoned.
The adder poisons you! The adder barely misses you.
You closely miss the adder.
You feel very sick. The adder bites you.
You are lethally poisoned!
The adder poisons you!
You slash the adder!
The adder is severely wounded.
You feel very sick. The adder bites you.
* * * LOW HITPOINT WARNING * * *
You are more poisoned.
The adder poisons you! The adder bites you.
* * * LOW HITPOINT WARNING * * *
* * * LOW HITPOINT WARNING * * *
You feel very sick.
You die...

...# ...# ..## # #######...#
.. #...#.....###
#..##............ ##.
#.......S###.##... # ..#
####....#†K....... ##. #...#
#..@.#{........ .#.##.#.#
###.##.........
....#.#.#######..##.........
#.....#.##.....†.....#.....?
#..........#.......(....#...
#..........#.........##.#..#
#....>.....##.######## .. .r
#..........##.###
................#


You could see an adder.

Vanquished Creatures
  An adder (D:2)
  2 dart slugs
  3 ball pythons (D:1)
  An endoplasm (D:1)
  A giant cockroach (D:1)
  6 goblins (D:1)
  4 hobgoblins
  6 jackals
  3 quokkas
  4 bats (D:1)
  3 frilled lizards (D:1)
  2 kobolds (D:1)
  3 rats (D:1)
39 creatures vanquished.

Notes
Turn   | Place    | Note
-------+----------+-------------------------------------------
     0 | D:1      | Descartes the Formicid Wanderer began the quest for the
                  | Orb.
     0 | D:1      | Descartes set off with the following items: a +0 falchion,
                  | a +0 ring mail; and the following spell memorised: Sting;
                  | and the following spells available to memorise: Olgreb's
                  | Toxic Radiance, Spider Form
     0 | D:1      | Reached XP level 1. HP: 13/13 MP: 2/2
   157 | D:1      | Reached XP level 2. HP: 19/19 MP: 1/3
   628 | D:1      | Reached XP level 3. HP: 23/24 MP: 1/4
   764 | D:1      | Found a faded altar of an unknown god.
  1146 | D:2      | Reached skill level 1 in Shields
  1286 | D:2      | Reached XP level 4. HP: 28/30 MP: 5/5
  1296 | D:2      | Succumbed to an adder's poison

Illustrated notes

Levels and vault maps discovered:
D:1:      dpeg_arrival_fog, layout_loops_ring,
          dreamdust_ecumenical_altar_statues
D:2:      layout_rooms

Skill      XL: |  1  2  3 |
---------------+----------+-----
Armour         | 3 |  3.5
Shields        | 1 |  1.2
Long Blades    | |  1.4
Spellcasting   | |  1.3
Poison Magic   | |  6.9
Invocations    | |  1.1

Action                   |  1- 3 |  4- 6 || total
-------------------------+-------+-------++-------
Melee: Falchion          |   123 |     9 ||   132
       Punch             |     1 |       ||     1
 Cast: Sting             |    13 |       ||    13
Armor: Ring mail         |    76 |     1 ||    77
Dodge: Dodged            |    89 |     8 ||    97
